 Dungeon Crawl Stone Soup version 0.17.0-27-g4a3f43e (webtiles) character file.

296 septik the Magician (level 6, -9/32 HPs)
             Began as a Deep Elf Fire Elementalist on Nov 21, 2015.
             Was an Initiate of Sif Muna.
             Mangled by septik's ghost (16 damage)
             ... on level 4 of the Dungeon.
             The game lasted 00:07:39 (2562 turns).

septik the Magician (Deep Elf Fire Elementalist)    Turns: 2562, Time: 00:07:39

Health: -9/32      AC:  2    Str:  5    XL:     6   Next: 12%
Magic:  8/17       EV: 13    Int: 22    God:    Sif Muna [......]
Gold:   102        SH:  0    Dex: 15    Spells: 2 memorised, 13 levels left

rFire  . . .     SeeInvis .     e - +0 mace
rCold  . . .     Clarity  .     a - +0 robe
rNeg   . . .     SustAt   .     (no shield)
rPois  .         Gourm    .     (no helmet)
rElec  .         Spirit   .     (no cloak)
rCorr  .         Warding  .     f - -1 pair of gloves (curse)
rMut   .         Stasis   .     (no boots)
MR     .....                    (no amulet)
Stlth  ++........               (no ring)
                                (no ring)

@: not resistant to hostile enchantments, unstealthy
A: no striking features
a: Renounce Religion


You were on level 4 of the Dungeon.
You worshipped Sif Muna.
Sif Muna was noncommittal.
You were not hungry.

You visited 1 branch of the dungeon, and saw 4 of its levels.

You collected 102 gold pieces.

Inventory:

Hand Weapons
 e - a +0 mace (weapon)
Missiles
 h - 32 stones (quivered)
Armour
 a - a +0 robe (worn)
 d - a +0 pair of gloves
 f - a cursed -1 pair of gloves (worn)
 m - a +0 cloak
Scrolls
 g - 4 scrolls of identify
 l - a scroll of magic mapping {unknown}
 o - a scroll of teleportation {unknown}
Potions
 k - a potion of flight {unknown}
 p - a potion of curing {unknown}
 q - a potion of lignification {unknown}
Books
 b - a book of Flames

   Spells                             Type                      Level
   a - Flame Tongue                   Conjuration/Fire             1
   b - Throw Flame                    Conjuration/Fire             2
   c - Conjure Flame                  Conjuration/Fire             3
   d - Inner Flame                    Hexes/Fire                   3
   e - Sticky Flame                   Conjuration/Fire             4
   f - Fireball                       Conjuration/Fire             5
 i - a book of Callings

   Spells                             Type                      Level
   a - Summon Small Mammal            Summoning                    1
   b - Call Imp                       Summoning                    2
   c - Call Canine Familiar           Summoning                    3
   d - Summon Guardian Golem          Hexes/Summoning              3
   e - Summon Lightning Spire         Summoning/Air                4
   f - Summon Ice Beast               Ice/Summoning                4
Comestibles
 c - 6 bread rations
 j - 2 fruits
 n - a meat ration
 r - 10 chunks of flesh


   Skills:
 - Level 2.4 Dodging
 - Level 2.4 Stealth
 * Level 6.2 Spellcasting
 + Level 3.5 Conjurations
 + Level 4.8 Fire Magic


You had 13 spell levels left.
You knew the following spells:

 Your Spells              Type           Power        Failure   Level  Hunger
a - Flame Tongue          Conj/Fire      ####.        1%          1    None
b - Conjure Flame         Conj/Fire      ####....     6%          3    #......


Dungeon Overview and Level Annotations

Branches:
Dungeon (4/15)
 Temple: D:4-7

Altars:
Gozag
Sif Muna

Shops:
D:2 *

Annotations:
D:3 Grinder, Sigmund
D:4 septik's ghost, novice FoFi


Message History

Septik's ghost misses you.
Casting: Flame Tongue
Confirm with . or Enter, or press ? or * to list all spells.
Aiming: Flame Tongue
Press: ? - help, Shift-Dir - straight line, f/p - septik's ghost
Aim: septik's ghost (severely damaged)
The flame tongue hits septik's ghost.
Septik's ghost appears unharmed.
Septik's ghost is severely damaged.
Septik's ghost hits you.
* * * LOW HITPOINT WARNING * * *
Casting: Flame Tongue
Confirm with . or Enter, or press ? or * to list all spells.
Aiming: Flame Tongue
Press: ? - help, Shift-Dir - straight line, f/p - septik's ghost
Aim: septik's ghost (severely damaged)
The flame tongue hits septik's ghost.
Septik's ghost appears unharmed.
Septik's ghost is severely damaged.
Septik's ghost hits you!
Ouch! That really hurt!
You die...

#............####
#................
###.[..............
#.......#..........
#.#########........
#.#########.....###
#.#.......#.....#
####'#.......# #
#....@W......# ### #
#............# #.#####
#............###.##...
####.............##...
###.......##..##...
#.....<.##..##...
#.......##..##...
##...........#...
.....######...#...


You could see septik's ghost.

Vanquished Creatures
  An ogre (D:4)
  A hound (D:4)
  A giant frog skeleton (D:4)
  2 worker ants (D:4)
  An iguana (D:4)
  2 adders (D:2)
  A worm (D:4)
  5 giant geckos
  5 orcs (D:4)
  A giant cockroach (D:2)
  3 goblins (D:1)
  8 hobgoblins
  6 kobolds
  A quokka (D:2)
  A ball python (D:1)
  4 bats (D:2)
  5 giant newts
  4 rats
52 creatures vanquished.

Notes
Turn   | Place    | Note
--------------------------------------------------------------
     0 | D:1      | septik the Deep Elf Fire Elementalist began the quest for the Orb.
     0 | D:1      | Reached XP level 1. HP: 10/10 MP: 6/6
   218 | D:1      | Reached XP level 2. HP: 15/15 MP: 5/8
   728 | D:2      | Found Gozag's Platinum Reserve.
  1152 | D:2      | Found an opulent altar of Gozag.
  1162 | D:2      | Reached XP level 3. HP: 7/19 MP: 0/10
  1211 | D:2      | Reached skill level 4 in Spellcasting
  1660 | D:3      | Noticed Grinder
  1746 | D:3      | Found a faded altar to an unknown god.
  1792 | D:3      | Noticed Sigmund
  1833 | D:4      | Reached XP level 4. HP: 10/24 MP: 3/12
  1887 | D:4      | Noticed septik's ghost (novice FoFi)
  2030 | D:4      | Learned a level 3 spell: Conjure Flame
  2036 | D:4      | Reached skill level 5 in Spellcasting
  2036 | D:4      | Reached XP level 5. HP: 25/28 MP: 4/14
  2325 | D:4      | Noticed an ogre
  2398 | D:4      | Killed an ogre
  2398 | D:4      | Reached skill level 6 in Spellcasting
  2398 | D:4      | Reached XP level 6. HP: 32/32 MP: 10/17
  2424 | D:4      | Found a deep blue altar of Sif Muna.
  2427 | D:4      | Became a worshipper of Sif Muna the Loreminder
  2562 | D:4      | Mangled by septik's ghost

Action                   |  1- 3 |  4- 6 || total
-------------------------+-------+-------++-------
Melee: Mace              |     4 |     1 ||     5
 Cast: Flame Tongue      |    68 |    45 ||   113
       Conjure Flame     |       |     2 ||     2
  Use: Scroll            |     4 |       ||     4
  Eat: Chunk             |     2 |     3 ||     5
